 Dungeon Crawl Stone Soup version 0.22.1 (webtiles) character file.

60 topirishpotato the Caller (level 4, 0/48 HPs)
             Began as a Gnoll Summoner on Sept 18, 2018.
             Succumbed to an adder's poison
             ... on level 3 of the Dungeon.
             The game lasted 00:04:28 (1955 turns).

topirishpotato the Caller (Gnoll Summoner)          Turns: 1955, Time: 00:04:28

Health: 0/48       AC: 10    Str: 16    XL:     4   Next: 6%
Magic:  11/11      EV:  6    Int: 18    God:
Gold:   51         SH:  0    Dex: 15    Spells: 12/13 levels left

rFire    . . .     SeeInvis .   i - +0 short sword
rCold    . . .     Gourm    .   (no shield)
rNeg     . . .     Faith    .   e - -1 plate armour (curse)
rPois    .         Spirit   .   (no helmet)
rElec    .         Reflect  .   g - +0 cloak
rCorr    .         Harm     .   (no gloves)
MR       .....                  (no boots)
Stlth    ..........             (no amulet)
HPRegen  0.16/turn              (no ring)
MPRegen  0.12/turn              (no ring)

@: berserking, lethally poisoned (0 -> -7), very quick
A: distributed training, fangs 1, strong nose
a: no special abilities


You were on level 3 of the Dungeon.
You were very hungry.

You visited 1 branch of the dungeon, and saw 3 of its levels.

You collected 51 gold pieces.

Inventory:

Hand Weapons
 h - a +0 club
 i - a +0 short sword (weapon)
 m - a +0 spear
Missiles
 j - 115 stones (quivered)
 n - 23 bolts
 o - 21 sling bullets
Armour
 a - a +0 robe
 e - a cursed -1 plate armour (worn)
 g - a +0 cloak (worn)
Scrolls
 b - 2 scrolls of teleportation {unknown}
 d - 3 scrolls of remove curse {unknown}
 k - a scroll of noise {unknown}
Potions
 f - a potion of mutation
 p - a potion of cancellation {unknown}
 q - a potion of heal wounds {unknown}
Comestibles
 c - 5 rations


   Skills:
 + Level 1.0 Fighting
 + Level 1.0 Short Blades
 + Level 1.0 Long Blades
 + Level 1.0 Axes
 + Level 1.0 Maces & Flails
 + Level 1.0 Polearms
 + Level 1.0 Staves
 + Level 1.0 Slings
 + Level 1.0 Bows
 + Level 1.0 Crossbows
 + Level 1.0 Throwing
 + Level 1.0 Armour
 + Level 4.6 Dodging
 + Level 4.2 Stealth
 + Level 1.0 Shields
 + Level 1.0 Unarmed Combat
 + Level 5.0 Spellcasting
 + Level 0.7 Conjurations
 + Level 0.7 Hexes
 + Level 0.7 Charms
 + Level 7.1 Summonings
 + Level 0.7 Necromancy
 + Level 0.7 Translocations
 + Level 0.7 Transmutations
 + Level 0.7 Fire Magic
 + Level 0.7 Ice Magic
 + Level 0.7 Air Magic
 + Level 0.7 Earth Magic
 + Level 0.7 Poison Magic
 + Level 1.1 Invocations
 + Level 1.0 Evocations


You had 12 spell levels left.
You knew the following spells:

 Your Spells              Type           Power        Failure   Level  Hunger
a - Summon Small Mammal   Summ           ####         47%         1    None

Your spell library contained the following spells:

 Spells                   Type           Power        Failure   Level  Hunger
 Call Imp                 Summ           ####....     63%         2    #......
 Call Canine Familiar     Summ           ####....     85%         3    ##.....
 Summon Guardian Golem    Hex/Summ       ###.....     99%         3    ##.....
 Summon Ice Beast         Ice/Summ       ###.....     100%        4    ####...
 Summon Lightning Spire   Summ/Air       ###.....     100%        4    ####...


Dungeon Overview and Level Annotations

Branches:
Dungeon (3/15)

Altars:


Innate Abilities, Weirdness & Mutations

Your experience applies equally to all skills.
You have very sharp teeth.
Your uncanny sense of smell can sniff out nearby items.


Message History

Your Shields skill increases to level 1!
Your Unarmed Combat skill increases to level 1!
Your Evocations skill increases to level 1!
* * * LOW HITPOINT WARNING * * *
You feel sick.
The hobgoblin hits you but does no damage.
The hobgoblin hits you.
* * * LOW HITPOINT WARNING * * *
The dart slug bites you but does no damage.
You puncture the dart slug!
You kill the dart slug!
You have reached level 4!
You feel clever.
You closely miss the hobgoblin.
* * * LOW HITPOINT WARNING * * *
You feel sick. The hobgoblin completely misses you.
The hobgoblin hits you but does no damage.
You puncture the hobgoblin!
You kill the hobgoblin!
You die...

############
##.?...#.....
##............
#%............
#.....††......
#....<@.......
#.....g.......
#.............
#.............
...............
#####...>.#.....
##.##....### #.
###..


You could see a hobgoblin.

Vanquished Creatures
  An adder (D:3)
  An ooze (D:2)
  A worm (D:2)
  2 dart slugs
  A leopard gecko (D:2)
  A giant cockroach (D:2)
  5 goblins
  6 hobgoblins
  A jackal (D:1)
  A quokka (D:2)
  5 bats
  2 frilled lizards
  4 kobolds
  4 rats
35 creatures vanquished.

Vanquished Creatures (collateral kills)
  A dart slug (D:1)
  2 jackals (D:1)
3 creatures vanquished.

Grand Total: 38 creatures vanquished

Notes
Turn   | Place    | Note
-------+----------+-------------------------------------------
     0 | D:1      | topirishpotato the Gnoll Summoner began the quest for the
                  | Orb.
     0 | D:1      | Reached XP level 1. HP: 13/13 MP: 6/6
   469 | D:1      | Reached XP level 2. HP: 11/19 MP: 7/7
  1216 | D:2      | Reached XP level 3. HP: 14/25 MP: 9/9
  1280 | D:2      | Reached skill level 5 in Spellcasting
  1420 | D:2      | Found a faded altar of an unknown god.
  1540 | D:2      | Reached skill level 1 in Invocations
  1950 | D:3      | Gained mutation: You are frail. (-10% HP) [potion of
                  | mutation]
  1950 | D:3      | Lost mutation: You are frail. (-10% HP) [potion of
                  | mutation]
  1952 | D:3      | Reached skill level 1 in Fighting
  1952 | D:3      | Reached skill level 1 in Short Blades
  1952 | D:3      | Reached skill level 1 in Long Blades
  1952 | D:3      | Reached skill level 1 in Axes
  1952 | D:3      | Reached skill level 1 in Maces & Flails
  1952 | D:3      | Reached skill level 1 in Polearms
  1952 | D:3      | Reached skill level 1 in Staves
  1952 | D:3      | Reached skill level 1 in Slings
  1952 | D:3      | Reached skill level 1 in Bows
  1952 | D:3      | Reached skill level 1 in Crossbows
  1952 | D:3      | Reached skill level 1 in Throwing
  1952 | D:3      | Reached skill level 1 in Armour
  1952 | D:3      | Reached skill level 1 in Shields
  1952 | D:3      | Reached skill level 1 in Unarmed Combat
  1952 | D:3      | Reached skill level 1 in Evocations
  1952 | D:3      | HP: 1/39 [hobgoblin (3)]
  1953 | D:3      | Reached XP level 4. HP: 2/32 MP: 11/11
  1955 | D:3      | Succumbed to an adder's poison

Skill      XL: |  1  2  3 |
---------------+----------+-----
Spellcasting   | 5 |  5.0
Invocations    | 1 |  1.1
Fighting       | 1 |  1.0
Short Blades   | 1 |  1.0
Long Blades    | 1 |  1.0
Axes           | 1 |  1.0
Maces & Flails | 1 |  1.0
Polearms       | 1 |  1.0
Staves         | 1 |  1.0
Slings         | 1 |  1.0
Bows           | 1 |  1.0
Crossbows      | 1 |  1.0
Throwing       | 1 |  1.0
Armour         | 1 |  1.0
Shields        | 1 |  1.0
Unarmed Combat | 1 |  1.0
Evocations     | 1 |  1.0
Dodging        | |  4.6
Stealth        | |  4.2
Conjurations   | |  0.7
Hexes          | |  0.7
Charms         | |  0.7
Summonings     | |  7.1
Necromancy     | |  0.7
Translocations | |  0.7
Transmutations | |  0.7
Fire Magic     | |  0.7
Ice Magic      | |  0.7
Air Magic      | |  0.7
Earth Magic    | |  0.7
Poison Magic   | |  0.7

Action                   |  1- 3 |  4- 6 || total
-------------------------+-------+-------++-------
Melee: Unarmed           |    22 |       ||    22
       Club              |    20 |       ||    20
       Bite              |    14 |       ||    14
       Short sword       |   131 |     2 ||   133
 Cast: Summon Small Mamm |     7 |       ||     7
  Use: Potion            |     2 |       ||     2
 Stab: Distracted        |     1 |       ||     1
  Eat: Chunk             |     2 |       ||     2
Armor: Plate armour      |   175 |     1 ||   176
       Robe              |     2 |       ||     2
Dodge: Dodged            |    49 |     1 ||    50
